 Dungeon Crawl Stone Soup version 0.17-a0-1941-gcc30b76 (webtiles) character file.

727 Ordine the Digger (level 7, -9/37 HPs)
             Began as a Gargoyle Earth Elementalist on Sept 29, 2015.
             Mangled by an ogre
             ... wielding a +0 giant club
              (12 damage)
             ... on level 5 of the Dungeon.
             The game lasted 00:17:57 (5355 turns).

Ordine the Digger (Gargoyle Earth Elementalist)     Turns: 5355, Time: 00:17:57

Health: -9/37      AC: 11    Str: 16    XL:     7   Next: 72%
Magic:  5/15       EV: 12    Int: 17    God:
Gold:   315        SH:  0    Dex: 10    Spells: 4 memorised, 6 levels left

rFire  . . .     SeeInvis .     s - +0 whip (flame)
rCold  . . .     Clarity  .     b - +1 robe
rNeg   + . .     SustAt   .     (no shield)
rPois  ∞         Gourm    .     (no helmet)
rElec  +         Spirit   .     (no cloak)
rCorr  .         Warding  .     f - +0 pair of gloves
rMut   .         Stasis   .     (no boots)
MR     .....                    (no amulet)
Stlth  ++........               (no ring)
                                g - +4 ring of strength

@: stone skin, not resistant to hostile enchantments, unstealthy
A: negative energy resistance 1, electricity resistance, unbreathing,
petrification resistance, rot immunity, AC +4
a: no special abilities


You were on level 5 of the Dungeon.
You were hungry.

You visited 1 branch of the dungeon, and saw 5 of its levels.

You collected 315 gold pieces.

Inventory:

Hand weapons
 e - a +0 flail
 s - a +0 whip of flaming (weapon)
Missiles
 a - 96 stones (quivered)
Armour
 b - a +1 robe (worn)
 f - a +0 pair of gloves (worn)
 u - a +0 shield
Jewellery
 g - a +4 ring of strength (left hand)
 q - an uncursed ring of teleportation
Scrolls
 i - 2 scrolls of magic mapping
 n - 3 scrolls of remove curse
 o - 3 scrolls of enchant weapon
 t - a scroll of identify
Potions
 h - a potion of haste
 l - 3 potions of curing {unknown}
 m - a potion of flight {unknown}
Books
 c - a book of Geomancy

   Spells                             Type                      Level
   a - Sandblast                      Earth                        1
   b - Stoneskin                      Transmutation/Earth          2
   c - Passwall                       Transmutation/Earth          3
   d - Stone Arrow                    Conjuration/Earth            3
   e - Petrify                        Transmutation/Earth          4
   f - Lee's Rapid Deconstruction     Earth                        5
Comestibles
 d - 4 bread rations
 j - a beef jerky
 k - a royal jelly
 p - a meat ration
 r - 3 fruits
 v - a slice of pizza


   Skills:
 + Level 0.7 Fighting
 + Level 0.6 Maces & Flails
 + Level 0.4 Armour
 + Level 1.8 Dodging
 - Level 2.1 Stealth
 + Level 0.7 Shields
 * Level 5.5 Spellcasting
 + Level 3.5 Conjurations
 - Level 0.7 Transmutations
 + Level 6.1 Earth Magic
 + Level 0.3 Evocations


You had 6 spell levels left.
You knew the following spells:

 Your Spells              Type           Power        Failure   Level  Hunger
a - Sandblast             Erth           ####..       1%          1    None
b - Stoneskin             Trmt/Erth      ###.....     6%          2    #......
c - Stone Arrow           Conj/Erth      ###...       8%          3    ##.....
d - Lee's Rapid Deconstr  Erth           ####......   30%         5    ######.


Dungeon Overview and Level Annotations

Branches:
Dungeon (5/15)
 Temple: D:4-7

Altars:
Fedhas
Kikubaaqudgha
Ru


Innate Abilities, Weirdness & Mutations

You are resistant to torment.
Your stone body is resilient (AC +4).
You are immune to poison.
You resist negative energy.
You are resistant to electric shocks.
You can survive without breathing.
You are immune to petrification.
You are immune to rotting.


Message History

Press: ? - help, Shift-Dir - straight line, f/p - ogre
Aim: an ogre, wielding a giant club The blast of sand hits the ogre.
Casting: Sandblast
Confirm with . or Enter, or press ? or * to list all spells.
Your skin hardens.
The ogre hits you with a giant club.
* * * LOW HITPOINT WARNING * * *
Drink which item? (? for menu, Esc to quit)
Okay, then.
Read which item? (? for menu, Esc to quit)
Okay, then.
Casting: Stoneskin
Confirm with . or Enter, or press ? or * to list all spells.
Aiming: Sandblast
Press: ? - help, Shift-Dir - straight line, f/p - ogre
Aim: an ogre, wielding a giant club The blast of sand hits the ogre.
The ogre is lightly wounded.
The ogre hits you with a giant club!
You die...

#........####..
#............#
#............#
#............#
#............#
#............#####
#..............).#
#......O.........#
#......@.........#
######...........#......
#.......#####......
#.....### #......
#.....# #..)... #.....#
#......
#.###########......
#(.........##......
##########.##......


You could see an ogre.

Vanquished Creatures
  Sigmund (D:3)
  The ghost of LordVetinari the Magician, an average DEWz (D:4)
  A big kobold (D:5)
  A crimson imp (D:5)
  2 orc priests (D:3)
  2 hounds
  3 orc wizards (D:3)
  An iguana (D:5)
  4 adders
  4 gnolls
  An ooze (D:1)
  2 worms (D:2)
  2 giant geckos
  9 orcs
  4 giant cockroaches
  10 hobgoblins
  13 kobolds
  7 bats
  A giant gecko skeleton (D:5)
  6 giant newts
  5 goblins
  5 jackals (D:2)
  8 rats
  2 bushes (D:2)
95 creatures vanquished.

Notes
Turn   | Place    | Note
--------------------------------------------------------------
     0 | D:1      | Ordine the Gargoyle Earth Elementalist began the quest for the Orb.
     0 | D:1      | Reached XP level 1. HP: 10/10 MP: 3/3
   118 | D:1      | Reached skill level 4 in Earth Magic
   118 | D:1      | Reached XP level 2. HP: 10/15 MP: 0/5
   126 | D:1      | Learned a level 2 spell: Stoneskin
   941 | D:1      | Reached XP level 3. HP: 15/19 MP: 7/7
   946 | D:1      | Learned a level 3 spell: Stone Arrow
  2023 | D:2      | Reached XP level 4. HP: 24/24 MP: 3/8
  2110 | D:2      | Found a sacrificial altar of Ru.
  2224 | D:2      | Reached skill level 1 in Conjurations
  2995 | D:3      | Found an ancient bone altar of Kikubaaqudgha.
  3024 | D:3      | Reached skill level 5 in Earth Magic
  3024 | D:3      | Reached XP level 5. HP: 16/28 MP: 2/10
  3246 | D:3      | Learned a level 5 spell: Lee's Rapid Deconstruction
  3366 | D:3      | Reached XP level 6. HP: 26/32 MP: 6/12
  3899 | D:3      | Noticed Sigmund
  3909 | D:3      | Killed Sigmund
  4034 | D:3      | Reached XP level 7. HP: 34/36 MP: 5/14
  4036 | D:3      | Reached skill level 5 in Spellcasting
  4356 | D:4      | Noticed LordVetinari's ghost (average DEWz)
  4365 | D:4      | Killed LordVetinari's ghost
  4365 | D:4      | Reached skill level 6 in Earth Magic
  4625 | D:4      | Found a blossoming altar of Fedhas.
  4847 | D:5      | Entered Level 5 of the Dungeon
  5355 | D:5      | Mangled by an ogre

Vault maps used:
D:1:      onia_arrival_larder, serial_co_window_serial, co_window_corner_a,
          co_window_corner_a, co_window_paths_a, co_window_paths_a,
          co_window_paths_a, co_window_of_opportunity_c, co_window_broadway_a,
          co_window_corner_b, co_window_2corner, co_window_of_opportunity_c,
          co_window_4corner_b, glass_columns_a, glass_columns_b,
          glass_columns_c, glass_columns_a, serial_park_tiny_1
D:2:      serial_forest, infiniplex_forest_straight_2,
          infiniplex_forest_clump_diagonal, infiniplex_forest_lined_room_2,
          infiniplex_forest_lined_3, infiniplex_forest_clump_medium,
          infiniplex_forest_lined_3, infiniplex_forest_clump_diagonal,
          st_stairs_4, kennysheep_decorative_pillar, hangedman_ru_absence
D:3:      kennysheep_big_flooded_room, nicolae_overflow_crystal_walls,
          uniq_sigmund
D:4:      fedhas_altar_1
D:5:      minmay_temple_entry_enclosed_plants, first_bread, item_on_display_a

Action                   |  1- 3 |  4- 6 |  7- 9 || total
-------------------------+-------+-------+-------++-------
Melee: Whip              |   110 |   550 |   106 ||   766
       Unarmed           |     2 |       |       ||     2
 Cast: Sandblast         |    25 |    45 |    35 ||   105
       Stoneskin         |       |     3 |     3 ||     6
  Use: Scroll            |     4 |     4 |     2 ||    10
 Stab: Sleeping          |     1 |     4 |     2 ||     7
       Distracted        |       |     1 |       ||     1
  Eat: Chunk             |     4 |     6 |     4 ||    14
       Beef jerky        |       |     1 |       ||     1
